 Dungeon Crawl Stone Soup version 0.32-a0-975-g85d4e5bfdb (webtiles) character file.

Game seed: 16445754355023261063

273 LostInTranslocation the Trooper (level 6, -10/51 HPs)
             Began as a Demonspawn Cinder Acolyte on Apr 20, 2024.
             Was a High Priest of Ignis.
             Killed by nerve-wracking pain
             ... invoked by an orc priest
              (13 damage)
             ... on level 4 of the Dungeon.
             The game lasted 00:07:00 (2944 turns).

LostInTranslocation the Trooper (DsCA)              Turns: 2944, Time: 00:07:01

Health: -10/51     AC:  8    Str: 16    XL:     6   Next: 2%
Magic:  3/11       EV: 10    Int: 14    God:    Ignis [*****.]
Gold:   123        SH:  0    Dex:  9    Spells: 10/12 levels left

rFire   + + +        i - +3 whip
rCold   x . .        (no shield)
rNeg    . . .        A - +3 leather armour {rF+}
rPois   .            (no helmet)
rElec   .            (no cloak)
rCorr   +            (no gloves)
SInv    .            (no boots)
Will    .....        e - amulet of magic regeneration
Stlth   +            c - ring of resist corrosion
HPRegen 0.28/turn    h - ring of fire
MPRegen 0.52/turn

%: no passive effects
@: very slightly contaminated
A: molten scales 1, powered by pain 2, demonic touch 1
a: Renounce Religion, Fiery Armour, Foxfire Swarm, Rising Flame


You were on level 4 of the Dungeon.
You worshipped Ignis.
Ignis was extremely pleased with you.
You visited 1 branch of the dungeon, and saw 4 of its levels.

You collected 123 gold pieces.

Inventory:

Hand Weapons
 a - a -1 hand axe of flaming
 i - a +3 whip (weapon)
Armour
 b - a +0 robe
 A - a +3 leather armour of fire resistance (worn)
Magical Staves
 l - a staff of conjuration
Jewellery
 c - a ring of resist corrosion (left hand)
 e - an amulet of magic regeneration (around neck)
 h - a ring of fire (right hand)
Wands
 y - a wand of polymorph (7)
 z - a wand of flame (26)
Scrolls
 d - a scroll of brand weapon {unknown}
 f - 3 scrolls of fog {unknown}
 m - a scroll of teleportation {unknown}
 n - 2 scrolls of noise {unknown}
 r - a scroll of identify {unknown}
 t - a scroll of butterflies {unknown}
 w - a scroll of immolation
 x - a scroll of enchant armour {unknown}
 B - a scroll of torment {unknown}
Potions
 g - a potion of brilliance {unknown}
 j - a potion of haste {unknown}
 k - a potion of berserk rage {unknown}
 o - a potion of ambrosia {unknown}
 p - 2 potions of curing {unknown}
 q - a potion of resistance {unknown}
 s - a potion of attraction {unknown}
 u - a potion of degeneration {unknown}
 v - a potion of might {unknown}


   Skills:
 + Level 5.4 Fighting
 - Level 2.6 Axes
 + Level 3.7 Spellcasting
 - Level 2.6 Fire Magic


You had 10 spell levels left.
You knew the following spells:

 Your Spells              Type           Power      Damage    Failure   Level
a - Scorch                Fire           30%        2d6       12%         2

Your spell library contained the following spells:

 Spells                   Type           Power      Damage    Failure   Level
 Jinxbite                 Hex            4%         N/A       36%         2
 Yara's Violent Unravell  Hex/Alch       1%         3d3       100%        5
 Enfeeble                 Hex            1%         N/A       100%        7


Dungeon Overview and Level Annotations

Branches:
Dungeon (4/15)
 Temple: D:4-7

Altars:
Gozag

Annotations:
D:3 3 runed translucent doors, Maxmaps's ghost, weakling OnGl


Innate Abilities, Weirdness & Mutations

You are partially covered in molten scales. (AC +2)
You sometimes gain power by taking damage.
Your touch may inflict minor irresistible damage on your foes.


Message History

Nothing appears to happen.
The orc priest barely misses you. The orc closely misses you.
You now have 4/11 mp.
Casting: Scorch (safe; 12% risk of failure)
Confirm with . or Enter, or press ? or * to list all spells.
You feel a surge of power!
Flames lash the orc priest.
The orc priest is almost dead.
The orc priest's fire resistance burns away.
The orc priest barely misses you. The orc hits you but does no damage.
You now have 3/11 mp.
Casting: Scorch (safe; 12% risk of failure)
Confirm with . or Enter, or press ? or * to list all spells.
You feel a surge of power!
Flames lash the orc.
The orc is burned terribly!
You kill the orc!
The orc priest barely misses you.
You now have 1/11 mp.
Casting: Scorch (safe; 12% risk of failure)
Confirm with . or Enter, or press ? or * to list all spells.
You don't have enough magic to cast this spell.
You barely miss the orc priest. Your touch misses the orc priest.
The orc priest is almost dead.
The orc priest casts a cantrip, but nothing happens.
You closely miss the orc priest.
The orc priest is severely wounded.
The orc priest barely misses you. The orc priest hits you with a +0 mace.
You take 2 damage, and have 18/51 hp.
You hit the orc priest but do no damage.
Your touch misses the orc priest.
The orc priest is severely wounded.
The orc priest is no longer more vulnerable to fire.
The orc priest invokes the aid of Beogh against you.
Beogh smites you!
* * * LOW HITPOINT WARNING * * *
You take 16 damage, and have 2/51 hp.
MASSIVE DAMAGE!!
You hit the orc priest.
The orc priest is almost dead.
The orc priest invokes the aid of Beogh against you.
Pain shoots through your body!
You die...
Ignis goes out, and joins you in death.

.....#....#
.....#....#..o... .....
#....#..).# o..#.
.#..... ######....# .o..
....... .....#....+
...#....... .....+....#
.......... .....#....#
..#....#
.....#....##+####)#....#
.....#..>.......@o./...#
.....#.................#
.....# ..............#
.....#
..............######
.....#
[..##.........#....#
.....#
.#....#####...#....# ...
.....#
#..#.......#......#....
.....#
#.##.......#......#....
.....# ..
...###.....#+###....


You could see an orc priest.

Vanquished Creatures
  A bombardier beetle (D:3)
  2 orc priests (D:4)
  Ijyb (D:4)
  2 orc wizards (D:4)
  3 adders
  2 ribbon worms (D:2)
  3 dart slugs
  9 orcs
  4 endoplasms
  4 giant cockroaches (D:3)
  7 goblins
  2 hobgoblins (D:1)
  3 quokkas (D:3)
  2 ball pythons
  9 bats
  3 frilled lizards
  4 kobolds
  5 rats
66 creatures vanquished.

Notes
Turn   | Place    | Note
-------+----------+-------------------------------------------
     0 | D:1      | LostInTranslocation the Demonspawn Cinder Acolyte began the
                  | quest for the Orb.
     0 | D:1      | Reached XP level 1. HP: 18/18 MP: 2/2
   528 | D:1      | Gained mutation: You are partially covered in molten
                  | scales. (AC +2) [demonic ancestry]
   528 | D:1      | Reached XP level 2. HP: 24/24 MP: 4/4
   865 | D:2      | Learned a level 2 spell: Scorch
  1072 | D:2      | Gained mutation: Your touch may inflict minor irresistible
                  | damage on your foes. [demonic ancestry]
  1072 | D:2      | Reached XP level 3. HP: 16/30 MP: 0/5
  1428 | D:2      | Reached skill level 4 in Fighting
  1830 | D:3      | Found a runed translucent gate.
  1830 | D:3      | Found a runed translucent gate.
  1830 | D:3      | Found an opulent altar of Gozag.
  1830 | D:3      | Found a runed translucent gate.
  1832 | D:3      | Noticed a black bear
  1833 | D:3      | Noticed Maxmaps's ghost (weakling OnGl)
  2087 | D:3      | Gained mutation: You sometimes gain a little power by
                  | taking damage. [demonic ancestry]
  2087 | D:3      | Reached XP level 4. HP: 37/37 MP: 7/7
  2128 | D:3      | Found a faded altar of an unknown god.
  2634 | D:4      | Noticed Ijyb
  2650 | D:4      | Killed Ijyb
  2651 | D:4      | Reached XP level 5. HP: 36/43 MP: 9/9
  2758 | D:4      | Reached skill level 5 in Fighting
  2931 | D:4      | Gained mutation: You sometimes gain power by taking damage.
                  | [demonic ancestry]
  2931 | D:4      | Reached XP level 6. HP: 31/51 MP: 8/11
  2943 | D:4      | HP: 2/51 [orc priest/divine providence (16)]
  2944 | D:4      | Killed from afar by an orc priest

Illustrated notes

Levels and vault maps discovered:
D:1:      dpeg_arrival_simpleton_c, layout_loops_ring
D:2:      layout_loops_ring, serial_forest, infiniplex_forest_clump_tiny,
          infiniplex_forest_lined_3, infiniplex_forest_side_room,
          infiniplex_forest_straight_3, infiniplex_forest_clump_small,
          infiniplex_forest_lined_ring, infiniplex_forest_diagonal,
          infiniplex_forest_clump_small, infiniplex_forest_end_1,
          infiniplex_forest_lined_3, st_stairs_14
D:3:      layout_loops_corners, ebering_ghost_gozag,
          hellmonk_ecumenical_altar_blasted
D:4:      kennysheep_goblin_castle, layout_gridville, vehumet_altar_wand_db,
          lemuel_tele_altar, gammafunk_ghost_gnarly_gnolls,
          nicolae_zig_zag_zippers, uniq_ijyb

Skill      XL: |  1  2  3  4  5 |
---------------+----------------+-----
Fighting       | 4 5 |  5.4
Spellcasting   | 2 3 |  3.7
Axes           | |  2.6
Fire Magic     | |  2.6

Action                     |  1- 3 |  4- 6 || total
---------------------------+-------+-------++-------
  Melee: Hand axe          |    15 |       ||    15
         Whip              |    64 |    73 ||   137
         Touch             |     4 |     7 ||    11
   Cast: Scorch            |    21 |    12 ||    33
 Invoke: Fiery Armour      |       |     1 ||     1
 Armour: Robe              |    43 |    32 ||    75
         Leather armour    |       |    21 ||    21
  Dodge: Dodged            |    35 |    36 ||    71

Table legend: (Time is in decaauts)
 A = Elapsed time spent in this place.
 B = Non-inter-level travel time spent in this place.
 C = Inter-level travel time spent in this place.
 D = Time resting spent in this place.
 E = Time spent auto-exploring this place.
 F = Levels seen in this place.
 G = Mean time per level.
                   A        B        C        D        E       F      G
               +--------+--------+--------+--------+--------+-----+--------+
         Total |   2948 |   2828 |    120 |    185 |   2157 |   4 |  737.0 |
       Dungeon |   2948 |   2828 |    120 |    185 |   2157 |   4 |  737.0 |
               +--------+--------+--------+--------+--------+-----+--------+

Top non-repeatable levels by time:
     D:2: 990 daAuts
     D:3: 908 daAuts
     D:1: 738 daAuts
     D:4: 310 daAuts
